 Dungeon Crawl Stone Soup version 0.28-a0-773-g130ae17fe5 (webtiles) character file.

Game seed: 10975973492126457249

153 horus123 the Magician (level 5, -4/28 HPs)
             Began as a Deep Elf Fire Elementalist on Nov 2, 2021.
             Was a Follower of Jiyva.
             Slain by a kobold brigand (6 damage)
             ... on level 3 of the Dungeon.
             The game lasted 00:04:32 (1921 turns).

horus123 the Magician (Deep Elf Fire Elementalist)  Turns: 1921, Time: 00:04:34

Health: -4/28      AC:  2    Str:  4 (5)  XL:     5   Next: 12%
Magic:  15/15      EV: 13    Int: 20 (21) God:    Jiyva [*.....]
Gold:   40         SH:  0    Dex: 20 (21) Spells: 9/15 levels left

rFire   . . .      SeeInvis .   (no weapon)
rCold   . . .      Faith    .   (no shield)
rNeg    . . .      Spirit   .   a - +0 robe
rPois   .          Reflect  .   (no helmet)
rElec   .          Harm     .   (no cloak)
rCorr   +          Rampage  .   (no gloves)
Will    .....                   (no boots)
Stlth   ++........              (no amulet)
HPRegen 0.09/turn               c - +6 ring of dexterity
MPRegen 0.14/turn               f - ring of resist corrosion

@: mighty, lethally poisoned (-4 -> -12), slowed, very slow
A: no striking features
a: Renounce Religion, Request Jelly


You were on level 3 of the Dungeon.
You worshipped Jiyva.
Jiyva was aware of your devotion.
You visited 1 branch of the dungeon, and saw 3 of its levels.

You collected 40 gold pieces.

Inventory:

Armour
 a - a +0 robe (worn)
Jewellery
 c - a +6 ring of dexterity (left hand)
 f - a ring of resist corrosion (right hand)
Scrolls
 g - a scroll of teleportation
Potions
 d - a potion of might
 e - 2 potions of flight {unknown}


   Skills:
 + Level 2.6 Dodging
 + Level 2.5 Stealth
 + Level 5.7 Spellcasting
 + Level 1.2 Conjurations
 + Level 4.7 Fire Magic


You had 9 spell levels left.
You knew the following spells:

 Your Spells              Type           Power      Damage    Failure   Level
a - Foxfire               Conj/Fire      68%        2x1d7     3%          1
b - Scorch                Fire           48%        2d7       2%          2
c - Inner Flame           Hex/Fire       15%        N/A       12%         3

Your spell library contained the following spells:

 Spells                   Type           Power      Damage    Failure   Level
 Conjure Flame            Conj/Fire      17%        6-21      10%         3
 Flame Wave               Conj/Fire      17%        3d5       32%         4


Dungeon Overview and Level Annotations

Branches:
Dungeon (3/15)

Altars:
Jiyva


Message History

You kill the kobold!
A kobold comes into view. It is wielding a +0 club.
The kobold shouts!
You hear a shout!
Things that are here:
a +0 club; a kobold corpse Flames lash the kobold.
You kill the kobold!
A hobgoblin comes into view. It is wielding a +0 club.
A hobgoblin is nearby!
Flames lash the hobgoblin.
You kill the hobgoblin!
You now have 40 gold pieces (gained 17).
Things that are here:
a +0 club; a +0 robe
Things that are here:
a +0 club; a hobgoblin corpse A kobold brigand comes into view.
It is wielding a +0 club and quivering poisoned darts.
A kobold brigand comes into view.
It is wielding a +0 flail and quivering curare-tipped darts.
The kobold brigand throws a curare-tipped dart.
The curare-tipped dart hits you.
You are poisoned.
You have difficulty breathing.
You feel yourself slow down.
You feel very sick.
The kobold brigand throws a poisoned dart.
The poisoned dart hits you!
You are lethally poisoned!
You are too injured to fight recklessly!
You are too injured to fight recklessly!
You are too injured to fight recklessly!
It was a potion of might.
You feel very mighty all of a sudden.
* * * LOW HITPOINT WARNING * * *
You feel very sick.
It was a potion of degeneration.
There was something very wrong with that liquid.
You feel weakened.
You feel dopey.
You feel clumsy.
* * * LOW HITPOINT WARNING * * *
You feel very sick.
The kobold brigand hits you with a +0 club.
You die...

#...≈#..###......#
#...≈≈#..##..######
.....≈≈##).#.##
.###≈≈≈≈#..#.##
#≈≈≈≈#..#..#######
..≈≈≈≈#..#.........
#.#≈≈##..#.########
..≈≈#..##.# ##.≈ #.@#..#
..# #KK##.## ... ..
#..#≈.### ...#
#..#≈...#### #..##
#..#≈≈.....## #..#
#..#≈≈≈.....# #
#.#####..##≈≈≈.....##.#.#
#.....#..#≈≈≈≈..........#
#.....#..##≈≈≈...>..##..+


You could see 2 kobold brigands.

Vanquished Creatures
  An ogre (D:2)
  2 adders (D:2)
  A worm (D:2)
  A dart slug (D:3)
  3 bats
  2 endoplasms (D:1)
  A giant cockroach (D:3)
  2 goblins
  5 hobgoblins
  3 jackals (D:1)
  13 kobolds
  A quokka (D:1)
  A ball python (D:1)
  2 frilled lizards
  6 rats
44 creatures vanquished.

Vanquished Creatures (others)
  An ogre (D:3)
  A worm (D:2)
  A dart slug (D:1)
  2 ball pythons
  An endoplasm (D:2)
  A giant cockroach (D:1)
  A goblin (D:3)
  A hobgoblin (D:2)
  A frilled lizard (D:1)
  A kobold (D:1)
  2 rats (D:2)
  37 foxfires
50 creatures vanquished.

Grand Total: 94 creatures vanquished

Notes
Turn   | Place    | Note
-------+----------+-------------------------------------------
     0 | D:1      | horus123 the Deep Elf Fire Elementalist began the quest for
                  | the Orb.
     0 | D:1      | Reached XP level 1. HP: 10/10 MP: 6/6
   219 | D:1      | Reached XP level 2. HP: 15/15 MP: 5/8
   222 | D:1      | Learned a level 2 spell: Scorch
   302 | D:1      | Found a faded altar of an unknown god.
   447 | D:1      | Prayed at the altar of an unknown god.
   447 | D:1      | Became a worshipper of Jiyva Jaluehes the Shapeless
   447 | D:1      | Reached * piety under Jiyva
   858 | D:2      | Reached XP level 3. HP: 19/19 MP: 7/10
   927 | D:2      | Reached skill level 4 in Spellcasting
   931 | D:2      | Learned a level 3 spell: Inner Flame
   990 | D:2      | Noticed an ogre
   996 | D:2      | Killed an ogre
   997 | D:2      | Reached skill level 5 in Spellcasting
   997 | D:2      | Reached XP level 4. HP: 24/24 MP: 4/13
  1184 | D:2      | Reached XP level 5. HP: 28/28 MP: 12/15
  1764 | D:3      | Killed an ogre
  1921 | D:3      | Slain by a kobold brigand

Illustrated notes

Levels and vault maps discovered:
D:1:      zelgadis_glass_arrival_small, layout_rooms,
          hellmonk_ecumenical_altar_dog_temple
D:2:      layout_loops_ring
D:3:      cheibrodos_thug_alley, layout_rooms, grunt_ministairs_13,
          minmay_quadrilaterals

Skill      XL: |  1  2  3 |
---------------+----------+-----
Fire Magic     | 4 |  4.7
Spellcasting   | 5 |  5.7
Dodging        | |  2.6
Stealth        | |  2.5
Conjurations   | |  1.2

Action                   |  1- 3 |  4- 6 || total
-------------------------+-------+-------++-------
Melee: Unarmed           |     2 |       ||     2
 Cast: Foxfire           |    21 |     2 ||    23
       Scorch            |    21 |    16 ||    37
  Use: Scroll            |     2 |       ||     2
       Potion            |       |     2 ||     2
 Stab: Sleeping          |     1 |       ||     1
Armor: Robe              |     2 |       ||     2
Dodge: Dodged            |     5 |     1 ||     6

Table legend: (Time is in decaauts)
 A = Elapsed time spent in this place.
 B = Non-inter-level travel time spent in this place.
 C = Inter-level travel time spent in this place.
 D = Time resting spent in this place.
 E = Time spent auto-exploring this place.
 F = Levels seen in this place.
 G = Mean time per level.
                   A        B        C        D        E       F      G
               +--------+--------+--------+--------+--------+-----+--------+
         Total |   1920 |   1884 |     36 |    145 |   1499 |   3 |  640.0 |
       Dungeon |   1920 |   1884 |     36 |    145 |   1499 |   3 |  640.0 |
               +--------+--------+--------+--------+--------+-----+--------+

Top non-repeatable levels by time:
     D:2: 799 daAuts
     D:1: 764 daAuts
     D:3: 357 daAuts
